 Dungeon Crawl Stone Soup version 0.27.1-1-g398f81649c (webtiles) character file.

Game seed: 12185579050741407404

273 H0rd4k the Insei (level 6, -8/38 HPs)
             Began as an Octopode Transmuter on Sept 22, 2021.
             Mangled by a phantom (9 damage)
             ... on level 3 of the Dungeon.
             The game lasted 00:04:56 (3875 turns).

H0rd4k the Insei (Octopode Transmuter)              Turns: 3875, Time: 00:04:56

Health: -8/38      AC:  1    Str:  9    XL:     6   Next: 24%
Magic:  10/10      EV: 13    Int: 17    God:
Gold:   69         SH:  0    Dex: 13    Spells: 6/10 levels left

rFire    . . .     SeeInvis .     - Unarmed
rCold    . . .     Faith    .   (no shield)
rNeg     . . .     Spirit   .   (helmet restricted)
rPois    .         Reflect  .   (no amulet)
rElec    .         Harm     .   (no ring)
rCorr    .         Rampage  .   (no ring)
Will     .....                  (no ring)
Stlth    ++........             (no ring)
HPRegen  0.12/turn              (no ring)
MPRegen  0.12/turn              (no ring)
                                (no ring)
                                (no ring)

@: flying
A: almost no armour, amphibious, 8 rings, camouflage 1, gelatinous body 1,
(nimble swimmer 1), tentacles
a: no special abilities


You were on level 3 of the Dungeon.
You visited 1 branch of the dungeon, and saw 4 of its levels.

You collected 69 gold pieces.

Inventory:

Missiles
 k - 21 poisoned darts
Jewellery
 j - a ring of wizardry
 m - a ring of poison resistance
Scrolls
 b - 2 scrolls of teleportation {unknown}
 c - a scroll of holy word {unknown}
 d - a scroll of fog {unknown}
 g - 2 scrolls of magic mapping {unknown}
 h - 5 scrolls of identify {unknown}
 i - a scroll of blinking {unknown}
Potions
 a - a potion of flight
 e - a potion of berserk rage {unknown}
 f - a potion of mutation {unknown}
 l - a potion of degeneration {unknown}


   Skills:
 + Level 1.5 Fighting
 + Level 3.0 Dodging
 + Level 4.8 Unarmed Combat
 * Level 2.9 Spellcasting
 * Level 2.9 Transmutations
 * Level 2.1 Poison Magic


You had 6 spell levels left.
You knew the following spells:

 Your Spells              Type           Power      Damage    Failure   Level
a - Beastly Appendage     Tmut           24%        N/A       5%          1
b - Spider Form           Tmut/Pois      5%         N/A       19%         3

Your spell library contained the following spells:

 Spells                   Type           Power      Damage    Failure   Level
 Wereblood                Tmut           12%        N/A       9%          2
 Shock                    Conj/Air       8%         1d3       19%         1
 Call Canine Familiar     Summ           2%         N/A       47%         3
 Portal Projectile        Hex/Tloc       4%         N/A       47%         3
 Swiftness                Air            2%         N/A       47%         3
 Ice Form                 Ice/Tmut       7%         N/A       67%         4
 Airstrike                Air            1%         N/A       87%         4
 Leda's Liquefaction      Hex/Erth       1%         N/A       87%         4


Dungeon Overview and Level Annotations

Branches:
Dungeon (4/15)
 Temple: D:4-7

Altars:
Vehumet

Annotations:
D:2 1 runed translucent door, exclusion: door, Crazy Yiuf
D:4 exclusion: upstairs


Innate Abilities, Weirdness & Mutations

You cannot wear most types of armour.
You are amphibious.
You can wear up to eight rings at the same time.
Your skin changes colour to match your surroundings (Stealth+).
Your rubbery body absorbs attacks. (AC +1, EV +1)
((You are camouflaged near water. (Stealth+)))
You have tentacles for arms and can constrict up to eight enemies at once.


Message History

The gnoll misses you.
You closely miss the phantom. The phantom hits you. The gnoll misses you.
You closely miss the phantom. The phantom closely misses you.
The gnoll closely misses you.
Your transformation is almost over.
You closely miss the phantom. The phantom hits you.
The phantom blinks!
You blink.
You open the door. The phantom barely misses you.
There is an open door here.
Your transformation has ended.
Found a viscous green potion.
The phantom barely misses you.
There is a stone staircase leading up here.
The phantom misses you.
You climb upwards.
There is a stone staircase leading down here.
The phantom hits you.
The phantom blinks!
You blink.
You tentacle-slap the phantom.
The phantom is lightly damaged.
The phantom hits you.
You tentacle-slap the phantom.
The phantom is moderately damaged.
The phantom closely misses you.
There is a stone staircase leading down here.
You tentacle-slap the phantom. Your squeeze misses the phantom.
The phantom is heavily damaged.
The phantom hits you.
The phantom blinks!
You blink.
Found a shiny ruby ring and 21 gold pieces.
Found a scroll labelled TEBOVV QIUTENI.
You see here a ring of poison resistance.
m - a ring of poison resistance The phantom hits you!
* * * LOW HITPOINT WARNING * * *
The phantom hits you!
* * * LOW HITPOINT WARNING * * *
A jackal comes into view.
A jackal comes into view.
It was a potion of flight.
You feel very buoyant.
You fly up into the air.
The jackal closely misses you. The phantom hits you!
You die...

..............#
..............###+ .
................. #.
#.....#......... ...
#.....#.........
....#...?.#.........
..#...............##
h..............####
#.....h@W......#
+.........$....#
#..$.##........#
............######
.................#
..................#
. ................#
................#
...#.............


You could see a phantom and 2 jackals.

Vanquished Creatures
  A howler monkey (D:3)
  A bullfrog skeleton (D:3)
  Natasha (thrice) (D:2)
  Robin (D:2)
  2 gnolls (D:4)
  3 adders
  A howler monkey skeleton (D:4)
  An adder skeleton (D:4)
  A dart slug (D:3)
  6 ball pythons
  4 bats
  6 endoplasms
  2 giant cockroaches
  12 goblins
  4 hobgoblins
  3 jackals (D:1)
  5 kobolds
  3 frilled lizards
  5 rats
64 creatures vanquished.

Notes
Turn   | Place    | Note
-------+----------+-------------------------------------------
     0 | D:1      | H0rd4k the Octopode Transmuter began the quest for the Orb.
     0 | D:1      | Reached XP level 1. HP: 13/13 MP: 3/3
   104 | D:1      | Found a faded altar of an unknown god.
   203 | D:1      | Reached XP level 2. HP: 8/18 MP: 5/5
  1257 | D:2      | Reached XP level 3. HP: 23/23 MP: 6/6
  1264 | D:2      | Learned a level 3 spell: Spider Form
  1824 | D:2      | Noticed Natasha
  1833 | D:2      | Killed Natasha
  1834 | D:2      | Reached skill level 1 in Poison Magic
  1838 | D:2      | Noticed Natasha
  1845 | D:2      | Killed Natasha
  1845 | D:2      | Noticed Natasha
  1846 | D:2      | Reached XP level 4. HP: 4/28 MP: 5/7
  2112 | D:2      | Killed Natasha
  2113 | D:2      | Reached skill level 4 in Unarmed Combat
  2144 | D:2      | Noticed Robin
  2397 | D:2      | Killed Robin
  2398 | D:2      | Reached XP level 5. HP: 28/33 MP: 4/9
  2850 | D:2      | Found a runed translucent door.
  2851 | D:2      | Noticed Crazy Yiuf
  3400 | D:4      | Found a radiant altar of Vehumet.
  3516 | D:3      | Reached XP level 6. HP: 17/38 MP: 7/10
  3871 | D:3      | HP: 1/38 [phantom (7)]
  3875 | D:3      | Mangled by a phantom

Illustrated notes

Levels and vault maps discovered:
D:1:      minmay_arrival_wavy_path, layout_basic, ebering_ecumenical_altar_box
D:2:      layout_rooms, uniq_natasha, uniq_robin, uniq_crazy_yiuf_cottage
D:3:      layout_basic, minivault_24, grunt_decor_fettered,
          kennysheep_generic_room_6
D:4:      layout_basic, mainiacjoe_overflow_concentric_impassable,
          grunt_ministairs_14, uniq_pikel

Skill      XL: |  1  2  3  4  5 |
---------------+----------------+-----
Poison Magic   | 1 2 |  2.1
Unarmed Combat | 4 |  4.8
Dodging        | 3 |  3.0
Fighting       | |  1.5
Spellcasting   | |  2.9
Transmutations | |  2.9

Action                   |  1- 3 |  4- 6 || total
-------------------------+-------+-------++-------
Melee: Unarmed           |    70 |   115 ||   185
       Constrict         |    14 |    13 ||    27
       Tentacles         |    13 |    12 ||    25
       Punch             |     2 |       ||     2
 Cast: Spider Form       |     1 |     8 ||     9
  Use: Potion            |       |     1 ||     1
 Stab: Sleeping          |     2 |     2 ||     4
Armor: Skin              |     6 |    18 ||    24
Dodge: Dodged            |    44 |   109 ||   153
